 Dungeon Crawl Stone Soup version 0.29-a0-323-g050149af67 (webtiles) character file.

Game seed: 10324906311747321916

32086 spaghetti the Transmogrifier (level 13, -19/113 HPs)
             Began as a Demigod Brigand on Apr 11, 2022.
             Demolished by a very large slime creature (64 damage)
             ... on level 13 of the Dungeon.
             The game lasted 00:32:50 (17887 turns).

spaghetti the Transmogrifier (Demigod Brigand)     Turns: 17887, Time: 00:32:51

Health: -19/113    AC:  2    Str: 20    XL:     13   Next: 1%
Magic:  14/18      EV: 38    Int: 25    God:
Gold:   410        SH:  0    Dex: 36    Spells: 2/14 levels left

rFire   . . .      SeeInvis .     - Unarmed
rCold   . . .      Faith    .   (shield currently unavailable)
rNeg    . . .      Spirit   .   (body armour currently unavailable)
rPois   x          Reflect  .   (helmet currently unavailable)
rElec   .          Harm     +   (cloak currently unavailable)
rCorr   .          Rampage  .   (gloves currently unavailable)
Will    +....                   (boots currently unavailable)
Stlth   ++++......              g - amulet of Jiqoira {Harm *Corrode Regen+ Str+8 Dex+4}
HPRegen 1.08/turn               M - +4 ring of evasion
MPRegen 0.16/turn               t - +6 ring of dexterity

@: spider-form, wereblooded
A: venomous fangs, tiny, high MP 1, forlorn, divine attributes, (talons 1),
agile 1
a: End Transformation


You were on level 13 of the Dungeon.
You were a venomous arachnid creature.
You visited 2 branches of the dungeon, and saw 17 of its levels.

You collected 965 gold pieces.
You spent 555 gold pieces at shops.


Innate Abilities, Weirdness & Mutations

You are a venomous arachnid creature.
You have poisonous fangs.
You are tiny and dextrous.
Your spellcasting is less reliable in this form.
Your armour is entirely melded.
You are incapable of wielding weapons or throwing items.
You have an increased reservoir of magic. (+10% MP)
You shall have no god before yourself.
Your divine heritage dramatically boosts your attributes as you level up.
((You have sharp toenails.))
You are agile. (Dex +2)


   Skills:
 + Level 9.9 Fighting
 - Level 1.7 Short Blades
 - Level 1.7 Throwing
 + Level 8.4 Dodging
 - Level 3.6 Stealth
 * Level 10.9 Unarmed Combat
 + Level 1.3 Spellcasting
 * Level 11.8 Transmutations
 + Level 2.1 Ice Magic
 + Level 3.7 Air Magic
 - Level 2.0 Poison Magic


You had 2 spell levels left.
You knew the following spells:

 Your Spells              Type           Power      Damage    Failure   Level
a - Wereblood             Tmut           57%        N/A       1%          2
b - Spider Form           Tmut/Pois      36%        N/A       8%          3
c - Swiftness             Air            20%        N/A       21%         3
d - Ice Form              Ice/Tmut       36%        N/A       19%         4

Your spell library contained the following spells:

 Spells                   Type           Power      Damage    Failure   Level
 Beastly Appendage        Tmut           100%       N/A       1%          1
 Passwall                 Tmut/Erth      25%        N/A       7%          2
 Freeze                   Ice            48%        1d7       14%         1
 Animate Skeleton         Necr           2%         N/A       28%         1
 Apportation              Tloc           2%         N/A       28%         1
 Foxfire                  Conj/Fire      4%         2x1d4     28%         1
 Sandblast                Erth           2%         2d4       28%         1
 Summon Small Mammal      Summ           4%         N/A       28%         1
 Ensorcelled Hibernation  Hex/Ice        14%        N/A       28%         2
 Frozen Ramparts          Ice            24%        1d4       34%         3
 Conjure Flame            Conj/Fire      1%         6-21      56%         3
 Gell's Gravitas          Tloc           1%         N/A       56%         3
 Inner Flame              Hex/Fire       1%         N/A       56%         3
 Lesser Beckoning         Tloc           1%         N/A       56%         3
 Stone Arrow              Conj/Erth      2%         3d7       56%         3
 Teleport Other           Tloc           1%         N/A       56%         3
 Hailstorm                Conj/Ice       7%         3d4       80%         4
 Summon Ice Beast         Ice/Summ       7%         N/A       80%         4
 Anguish                  Hex/Necr       0%         N/A       89%         4
 Flame Wave               Conj/Fire      1%         2d4       89%         4
 Fulminant Prism          Conj/Hex       0%         3d6       89%         4
 Iskenderun's Mystic Bla  Conj/Tloc      1%         2d3       89%         4
 Lee's Rapid Deconstruct  Erth           0%         3d5*      99%         5
 Death Channel            Necr           0%         N/A       100%        6
 Necromutation            Tmut/Necr      15%        N/A       100%        8

Inventory:

Missiles
 d - 43 poisoned darts {throwing}
 h - 3 curare-tipped darts {=fthrowing}
 l - 594 stones (quivered) {throwing}
 E - 5 javelins {throwing}
 L - 17 boomerangs {throwing}
Armour
 c - a +0 cloak (melded)
 q - a +0 helmet (melded)
   (You found it on level 2 of the Dungeon)
 A - the +1 leather armour of the Blessed Realm (melded) {Int+5 Dex+3}
   (You found it on level 4 of the Dungeon)

   Int:       It affects your intelligence (+5).
   Dex:       It affects your dexterity (+3).
 B - a +1 pair of gloves (melded)
   (You found it on level 4 of the Dungeon)
Magical Staves
 e - a staff of conjuration {!a@e2staff}
   (You found it on level 12 of the Dungeon)
Jewellery
 a - a ring of magical power
   (You found it on level 1 of the Lair of Beasts)
 b - a +4 ring of evasion
   (You found it on level 5 of the Dungeon)
 g - the amulet of Jiqoira (around neck) {Harm *Corrode Regen+ Str+8 Dex+4}
   (You acquired it on level 11 of the Dungeon)

   [amulet of regeneration]

   Str:       It affects your strength (+8).
   Dex:       It affects your dexterity (+4).
   Regen:     It increases your rate of health regeneration.
   *Corrode:  It may corrode you when you take damage.
   Harm:      It increases damage dealt and taken.
 k - an amulet of reflection
   (You found it on level 1 of the Dungeon)
 s - a +6 ring of dexterity
   (You found it on level 3 of the Lair of Beasts)
 t - a +6 ring of dexterity (right front leg)
   (You found it on level 3 of the Dungeon)
 H - a ring of fire
   (You found it on level 6 of the Dungeon)
 M - a +4 ring of evasion (left front leg)
   (You took it off an orc on level 7 of the Dungeon)
 N - an amulet of faith {!P}
   (You found it on level 7 of the Dungeon)
 W - a ring of magical power
   (You found it on level 10 of the Dungeon)
 Z - a ring of magical power
   (You found it on level 1 of the Lair of Beasts)
Wands
 o - a wand of digging (4)
   (You found it on level 2 of the Lair of Beasts)
 Q - a wand of iceblast (6)
   (You found it on level 4 of the Lair of Beasts)
 R - a wand of polymorph (6)
   (You found it on level 4 of the Lair of Beasts)
 U - a wand of mindburst (8)
   (You found it on level 12 of the Dungeon)
Scrolls
 m - 2 scrolls of fog
 n - a scroll of amnesia
 p - 10 scrolls of teleportation {@r4}
 v - 3 scrolls of enchant armour
 w - 5 scrolls of magic mapping {!r}
 x - a scroll of holy word
 y - 2 scrolls of enchant weapon
 z - 2 scrolls of summoning
 D - 2 scrolls of immolation {!r!r}
 G - 2 scrolls of blinking {!r}
 X - 2 scrolls of silence {!r}
Potions
 f - 4 potions of heal wounds {@q2}
 i - 4 potions of magic
 j - 5 potions of lignification {!q}
 u - 4 potions of flight
 C - a potion of ambrosia
 F - a potion of cancellation
 I - 3 potions of haste {@q3}
 J - 3 potions of brilliance {unknown}
 K - a potion of berserk rage {!q}
 P - 3 potions of mutation {!q}
 S - 3 potions of attraction {!q}
 T - a potion of resistance {unknown}
 V - 2 potions of curing {@q1}
Miscellaneous
 r - a box of beasts
   (You found it on level 3 of the Lair of Beasts)
 O - a phantom mirror
   (You found it on level 4 of the Lair of Beasts)

Dungeon Overview and Level Annotations

Branches:
Dungeon (13/15)            Temple (0/1) D:7            Lair (4/6) D:11
 Shoals (0/4) Lair:2        Snake (0/4) Lair:4          Orc (0/2) D:12
 Vaults: D:13-14

Shops:
D:3 !   D:7 =   D:8 =   D:10 *!*

Annotations:
D:11 2 transporters, spaghetti's ghost, journeyman SpSu
Lair:3 3 runed translucent doors, ooooo's ghost, journeyman OpCj

#####+ #. .####
..... #. ..... ....
#. ..##.########.##
#. ............#.##
#.#.####.#..##.'...
.<.#.[#....##.#...
#J##..'.......####
#s##..#...........
#.....#...######..
####.##...........
###.#........####
#...#......#.#
#...#......# +
#...#....... #####


You could see a very large slime creature (extremely poisoned).


Message History

Casting: Spider Form (mildly dangerous; 8% risk of failure)
Confirm with . or Enter, or press ? or * to list all spells.
Your blood is freshly infused with primal strength! 😎 MP[-2]
You lost 2 mp, and now have 16/18 mp.
Unknown command.
Your transformation has ended.
Your +0 cloak unmelds from your body.
Your +0 helmet unmelds from your body.
Your +1 pair of gloves unmelds from your body.
The +1 leather armour of the Blessed Realm {Int+5 Dex+3} unmelds from your body.
Done exploring. 😎 MP[+2]
Your mp is fully restored (18).
Done exploring.
Done exploring.
Unknown command.
Done exploring.
(D) Dungeon (T) Temple (L) Lair (A) Shoals (P) Snake Pit (O) Orcish Mines
Where to? (Enter - D:15, ? - help)
There is an open door here.
Your primal bloodlust is almost over.
Your primal bloodlust has ended.
There is an open door here.
There is a stone staircase leading down here.
You climb downwards.
There is a stone staircase leading up here.
Unknown command.
Unknown command.
You open the door.
There is an open door here.
You open the door.
There is an open door here.
As you open the door, it creaks loudly!
There is an open door here.
You open the door. 3 slime creatures come into view.
The slime creature quivers.
Found an escape hatch in the ceiling.
There are monsters nearby!
Casting: Wereblood (safe; 1% risk of failure)
Confirm with . or Enter, or press ? or * to list all spells.
Your blood is infused with primal strength.
The slime creature quivers. x2 😎 MP[-2]
You lost 2 mp, and now have 16/18 mp.
Casting: Wereblood (safe; 1% risk of failure)
Confirm with . or Enter, or press ? or * to list all spells.
You turn into a venomous arachnid creature.
Your +0 cloak melds into your body.
Your +0 helmet melds into your body.
Your +1 pair of gloves melds into your body.
The +1 leather armour of the Blessed Realm {Int+5 Dex+3} melds into your body.
The slime creature completely misses you. 😎 MP[-3]
You lost 3 mp, and now have 13/18 mp.
You maul the slime creature!!
You hit the slime creature.
Two slime creatures merge to form a large slime creature.
You hit the large slime creature but do no damage.
The large slime creature completely misses you.
You bite the large slime creature!
The large slime creature completely misses you.
Two slime creatures merge to form a very large slime creature.
You bite the very large slime creature!
The very large slime creature looks as sick as possible!
You maul the very large slime creature!!
You bite the very large slime creature!
The very large slime creature looks as sick as possible!
The very large slime creature completely misses you.
You hit the very large slime creature.
The very large slime creature hits you! 😕 HP[-10] MP[+1]
You take 10 damage, and now have 103/113 hp.
You are too injured to fight recklessly!
You are too injured to fight recklessly!
You are too injured to fight recklessly!
You are too injured to fight recklessly!
You are too injured to fight recklessly!
You are too injured to fight recklessly!
You are too injured to fight recklessly!
You are too injured to fight recklessly!
You are too injured to fight recklessly!
You are too injured to fight recklessly!
You are too injured to fight recklessly!
You are too injured to fight recklessly!
You are too injured to fight recklessly!
You hit the very large slime creature.
The very large slime creature misses you. 😕 HP[+1]
You hit the very large slime creature.
The very large slime creature looks as sick as possible!
The very large slime creature hits you!!!
Ouch! That really hurt!
* * * LOW HITPOINT WARNING * * *
😨 HP[-59]
You take 59 damage, and now have 45/113 hp.
MASSIVE DAMAGE!! (PAUSE)
The very large slime creature attacks as you move away!
The very large slime creature hits you!!!
Ouch! That really hurt!
You die...

Skill      XL: |  1  2  3  4  5  6  7  8  9 10 11 12 |
---------------+-------------------------------------+-----
Fighting       | 2 3 4 5 6 7 8 9 |  9.9
Unarmed Combat | 1 2 3 4 5 6 7 9 10 | 10.9
Dodging        | 1 2 3 5 6 7 8 |  8.4
Transmutations | 1 3 5 7 9 10 11 | 11.8
Poison Magic   | 1 2 |  2.0
Air Magic      | 1 3 |  3.7
Ice Magic      | 2 |  2.1
Spellcasting   | 1 |  1.3
Short Blades   | |  1.7
Throwing       | |  1.7
Stealth        | |  3.6

Action                   |  1- 3 |  4- 6 |  7- 9 | 10-12 | 13-15 || total
-------------------------+-------+-------+-------+-------+-------++-------
Melee: Dagger            |    58 |    61 |       |       |       ||   119
       Punch             |     1 |     5 |     6 |     5 |       ||    17
       Kick              |       |    27 |    33 |    13 |       ||    73
       Unarmed           |       |    76 |   317 |   822 |    21 ||  1236
Throw: Dart              |     7 |     3 |       |       |       ||    10
 Cast: Wereblood         |       |     1 |    19 |    67 |     3 ||    90
       Spider Form       |       |       |    20 |    65 |     2 ||    87
Evoke: Wand              |       |       |     3 |       |       ||     3
  Use: Potion            |     1 |     5 |     2 |     7 |       ||    15
       Scroll            |       |       |       |    19 |       ||    19
 Stab: Sleeping          |     5 |    11 |     4 |     5 |       ||    25
       Distracted        |       |     1 |       |       |       ||     1
       Invisible         |       |       |       |     3 |       ||     3
Armor: Robe              |    10 |    36 |       |       |       ||    46
       Skin              |     2 |       |     3 |    16 |       ||    21
       Leather armour    |       |    14 |    21 |    11 |       ||    46
Dodge: Dodged            |    19 |    71 |   308 |  1140 |    23 ||  1561
Block: Other             |    15 |    30 |    70 |    90 |       ||   205
       Reflection        |     2 |       |     3 |     2 |       ||     7

Levels and vault maps discovered:
D:1:      tarquinn_simple_flora_water_c, layout_basic
D:2:      layout_loops_cross, uniq_terence, uniq_natasha
D:3:      layout_loops_ring, serial_shops, nicolae_square_shop,
          hellmonk_ecumenical_altar_watching_god
D:4:      layout_layer_cave, uniq_sigmund
D:5:      layout_loops_cross, kennysheep_cluttered_room, dk_vineyard_3,
          kennysheep_generic_room_8
D:6:      layout_basic, trog_book
D:7:      layout_loops_ring, minmay_temple_entry_mini_moons, serial_shops,
          kennysheep_little_box, grunt_potential, uniq_prince_ribbit1
D:8:      layout_basic, serial_shops, nicolae_shop_advertising_works
          [nicolae_subvault_shop_adworks], uniq_erica
D:9:      layout_small_grid, minmay_misc_feat_rows, nrook_mini_vaults,
          kennysheep_generic_room_15, uniq_joseph, uniq_maggie, uniq_grum
D:10:     layout_basic, serial_shops, nicolae_lakefront_shop, shop_fountains,
          nicolae_transmutations_shop
D:11:     layout_loops_ring, david_lair_shrubbed, gammafunk_ghost_arena
D:12:     layout_irregular_city, orc_0_dummy, amethyst_killhole,
          lightli_corner_chamber
D:13:     layout_stronghold, erik_vaults_1
Lair:1:   layout_cave_pods, basic_altar, uniq_gastronok
Lair:2:   layout_roguey, minmay_shoals_entry_centaurs, grunt_megastairs_2
Lair:3:   dreamdust_isle_of_ice, layout_hall_layers, gammafunk_ghost_split,
          infiniplex_staircase_pool, uniq_amaemon
Lair:4:   layout_regular_city, guppyfry_snake_entry_island,
          gammafunk_ghost_grave, nicolae_lair_grazing_beasts
          [nicolae_sub_lair_graze_edge, nicolae_sub_lair_graze_edge,
          nicolae_sub_lair_graze_edge, nicolae_sub_lair_graze_edge]

Notes
Turn   | Place    | Note
-------+----------+-------------------------------------------
     0 | D:1      | spaghetti the Demigod Brigand began the quest for the Orb.
     0 | D:1      | Reached XP level 1. HP: 17/17 MP: 3/3
     0 | D:1      | magus.rc [v1.9.6]
    64 | D:1      | Reached skill level 2 in Fighting
   204 | D:1      | You pick up a book of Changes and begin reading...
   204 | D:1      | You add the spells Beastly Appendage, Wereblood and Spider
                  | Form to your library.
   417 | D:1      | Reached XP level 2. HP: 23/25 MP: 4/4
   768 | D:2      | Noticed Natasha
   788 | D:2      | Killed Natasha
   789 | D:2      | Reached skill level 3 in Fighting
   789 | D:2      | Reached skill level 1 in Unarmed Combat
   789 | D:2      | Reached XP level 3. HP: 14/31 MP: 5/5
   994 | D:2      | Learned a level 2 spell: Wereblood
  1190 | D:2      | Noticed Natasha
  1196 | D:2      | Killed Natasha
  1423 | D:2      | Noticed Terence
  1426 | D:2      | Killed Terence
  1427 | D:2      | Reached skill level 2 in Unarmed Combat
  1427 | D:2      | Reached XP level 4. HP: 38/38 MP: 6/6
  1634 | D:2      | Noticed Natasha
  1642 | D:2      | Gained mutation: You are partially covered in iridescent
                  | scales. (AC +2) [potion of mutation]
  1642 | D:2      | Gained mutation: You have sharp toenails. [potion of
                  | mutation]
  1645 | D:2      | Killed Natasha
  2195 | D:3      | Reached skill level 4 in Fighting
  2236 | D:3      | You pick up a book of Displacement and begin reading...
  2236 | D:3      | You add the spells Lesser Beckoning, Gell's Gravitas and
                  | Teleport Other to your library.
  2267 | D:3      | Reached XP level 5. HP: 41/46 MP: 7/7
  2359 | D:3      | Found Acrisyet's Distillery.
  2367 | D:3      | Bought 2 potions of might for 96 gold pieces
  2482 | D:3      | Noticed a golden eye
  2486 | D:3      | Noticed a great orb of eyes
  2486 | D:3      | Noticed a shining eye
  2486 | D:3      | Noticed a golden eye
  2512 | D:3      | You add the spells Hailstorm, Death Channel and
                  | Necromutation to your library.
  2512 | D:3      | Got Cenweporru's Catalogue of the Dark Glacier
  2780 | D:4      | Noticed Sigmund
  2792 | D:4      | Killed Sigmund
  2793 | D:4      | Reached skill level 3 in Unarmed Combat
  2793 | D:4      | Reached XP level 6. HP: 45/53 MP: 5/8
  2807 | D:4      | Reached skill level 5 in Fighting
  2807 | D:4      | Reached skill level 4 in Unarmed Combat
  2814 | D:4      | Learned a level 3 spell: Spider Form
  3081 | D:4      | Identified the +1 leather armour of the Blessed Realm
                  | {Int+5 Dex+3}
  3838 | D:5      | Entered Level 5 of the Dungeon
  3861 | D:5      | You pick up a book of Cantrips and begin reading...
  3861 | D:5      | You add the spells Animate Skeleton, Summon Small Mammal
                  | and Apportation to your library.
  3984 | D:5      | Reached skill level 1 in Dodging
  3984 | D:5      | Reached skill level 1 in Transmutations
  3984 | D:5      | Reached skill level 1 in Poison Magic
  3984 | D:5      | Reached XP level 7. HP: 39/61 MP: 4/9
  4534 | D:5      | You pick up a book of Dreams and begin reading...
  4534 | D:5      | You add the spells Ensorcelled Hibernation and Anguish to
                  | your library.
  4679 | D:5      | Reached skill level 2 in Transmutations
  4679 | D:5      | Reached skill level 2 in Poison Magic
  5025 | D:6      | Reached skill level 2 in Dodging
  5229 | D:6      | Reached skill level 3 in Transmutations
  5427 | D:6      | Reached XP level 8. HP: 66/70 MP: 4/10
  5640 | D:6      | Reached skill level 5 in Unarmed Combat
  6383 | D:7      | Reached skill level 6 in Fighting
  6395 | D:7      | Noticed Prince Ribbit
  6409 | D:7      | Reached skill level 4 in Transmutations
  6423 | D:7      | Killed Prince Ribbit
  6424 | D:7      | Reached skill level 3 in Dodging
  6610 | D:7      | Found Zeorr's Jewellery Emporium.
  6774 | D:7      | Noticed a hornet
  6783 | D:7      | Killed a hornet
  6784 | D:7      | Reached skill level 5 in Transmutations
  6800 | D:7      | Reached XP level 9. HP: 78/78 MP: 4/11
  6806 | D:7      | Reached skill level 4 in Dodging
  6819 | D:7      | Reached skill level 6 in Unarmed Combat
  6829 | D:7      | Reached skill level 6 in Transmutations
  6847 | D:7      | Reached skill level 7 in Fighting
  6860 | D:7      | HP: 16/79 [yak (7)]
  6866 | D:7      | Reached skill level 5 in Dodging
  6866 | D:7      | Reached skill level 7 in Transmutations
  6868 | D:7      | HP: 14/79 [yak (2)]
  6901 | D:7      | HP: 19/79 [centaur/arrow (3)]
  7757 | D:7      | You pick up a book of Burglary and begin reading...
  7757 | D:7      | You add the spells Passwall and Swiftness to your library.
  7866 | D:7      | Found a staircase to the Ecumenical Temple.
  8288 | D:8      | Reached XP level 10. HP: 79/86 MP: 3/13
  8410 | D:8      | Found Wusozeih's Jewellery Emporium.
  8918 | D:9      | Identified the +0 morningstar "Ecoiwn" {protect, rC+++
                  | rCorr Dex-2}
  8953 | D:9      | Noticed Joseph
  8970 | D:9      | Killed Joseph
  9175 | D:9      | Reached skill level 8 in Transmutations
  9670 | D:9      | Reached skill level 8 in Fighting
  9670 | D:9      | Reached skill level 7 in Unarmed Combat
  9684 | D:9      | Reached skill level 6 in Dodging
  9885 | D:9      | Noticed Grum
  9923 | D:9      | Killed Grum
 10186 | D:9      | Noticed Maggie
 10206 | D:9      | Killed Maggie
 10207 | D:9      | Reached skill level 9 in Transmutations
 10429 | D:10     | Entered Level 10 of the Dungeon
 10701 | D:10     | Reached XP level 11. HP: 74/95 MP: 12/14
 10709 | D:10     | HP: 22/95 [something (19)]
 10717 | D:10     | HP: 20/95 [orc warrior/+0 mace (15)]
 10718 | D:10     | HP: 7/95 [orc warrior/+0 mace (13)]
 10724 | D:10     | HP: 6/95 [something (12)]
 10732 | D:10     | Reached skill level 8 in Unarmed Combat
 11039 | D:10     | You pick up a book of Frost and begin reading...
 11039 | D:10     | You add the spells Freeze and Frozen Ramparts to your
                  | library.
 11116 | D:10     | Found Joynaf's Assorted Antiques.
 11236 | D:10     | Found Dapnenuh's Distillery.
 11246 | D:10     | Bought a potion of invisibility for 104 gold pieces
 11246 | D:10     | Bought a potion of heal wounds for 65 gold pieces
 11246 | D:10     | Bought a potion of heal wounds for 65 gold pieces
 11246 | D:10     | Bought a potion of heal wounds for 65 gold pieces
 11407 | D:10     | Found Bimoarig's Changing Room.
 11419 | D:10     | Bought a potion of mutation for 80 gold pieces
 11419 | D:10     | Bought a potion of mutation for 80 gold pieces
 11419 | D:10     | Lost mutation: You have sharp toenails. [potion of
                  | mutation]
 11419 | D:10     | Lost mutation: You are partially covered in iridescent
                  | scales. (AC +2) [potion of mutation]
 11419 | D:10     | Gained mutation: You are agile. (Dex +2) [potion of
                  | mutation]
 11419 | D:10     | Gained mutation: You have sharp toenails. [potion of
                  | mutation]
 11508 | D:10     | You pick up a book of Flames and begin reading...
 11508 | D:10     | You add the spells Foxfire, Conjure Flame, Inner Flame and
                  | Flame Wave to your library.
 11719 | D:11     | Found a transporter.
 11721 | D:11     | Noticed a six-headed hydra
 11723 | D:11     | Noticed spaghetti's ghost (journeyman SpSu)
 11726 | D:11     | Found a transporter.
 11772 | D:11     | Noticed a two-headed ogre
 11786 | D:11     | Killed a two-headed ogre
 11819 | D:11     | Noticed a four-headed hydra
 11848 | D:11     | Killed a four-headed hydra
 11859 | D:11     | HP: 19/95 [troll (11)]
 12464 | D:11     | Noticed a two-headed ogre
 12476 | D:11     | Killed a two-headed ogre
 12581 | D:11     | Found a staircase to the Lair.
 12606 | D:11     | Reached skill level 7 in Dodging
 12606 | D:11     | Reached skill level 10 in Transmutations
 12613 | Lair:1   | Entered Level 1 of the Lair of Beasts
 12613 | Lair:1   | Noticed Gastronok
 12642 | Lair:1   | Killed Gastronok
 12643 | Lair:1   | Reached skill level 9 in Unarmed Combat
 12677 | D:11     | Identified a scroll of acquirement
 12680 | D:11     | Acquired the amulet of Jiqoira {Harm *Corrode Regen+ Str+8
                  | Dex+4}
 13041 | Lair:1   | Reached skill level 9 in Fighting
 13227 | Lair:1   | Noticed a six-headed hydra
 13235 | Lair:1   | Killed a six-headed hydra
 13297 | Lair:1   | Learned a level 3 spell: Swiftness
 13986 | Lair:2   | Found a staircase to the Shoals.
 14107 | Lair:2   | Reached skill level 1 in Air Magic
 14153 | Lair:2   | You pick up a book of Rime and begin reading...
 14153 | Lair:2   | You add the spells Ice Form and Summon Ice Beast to your
                  | library.
 14391 | Lair:2   | Reached XP level 12. HP: 93/104 MP: 10/15
 14430 | Lair:2   | You pick up a book of Geomancy and begin reading...
 14430 | Lair:2   | You add the spells Sandblast and Stone Arrow to your
                  | library.
 14975 | Lair:3   | Reached skill level 2 in Air Magic
 14987 | Lair:3   | Reached skill level 11 in Transmutations
 15057 | Lair:3   | Reached skill level 10 in Unarmed Combat
 15149 | Lair:3   | Noticed Amaemon
 15166 | Lair:3   | Killed Amaemon
 15303 | Lair:3   | Noticed a catoblepas
 15305 | Lair:3   | Found a runed translucent gate.
 15306 | Lair:3   | Found a runed translucent gate.
 15307 | Lair:3   | Found a runed translucent gate.
 15307 | Lair:3   | Noticed ooooo's ghost (journeyman OpCj)
 15308 | Lair:3   | Noticed a five-headed hydra
 15308 | Lair:3   | Noticed a six-headed hydra
 15465 | Lair:3   | Reached skill level 8 in Dodging
 15502 | Lair:3   | You pick up a book of Blasting and begin reading...
 15502 | Lair:3   | You add the spells Fulminant Prism, Iskenderun's Mystic
                  | Blast and Lee's Rapid Deconstruction to your library.
 15554 | Lair:4   | Found a staircase to the Snake Pit.
 15611 | Lair:4   | Noticed a five-headed hydra
 15672 | Lair:3   | Killed a five-headed hydra
 15679 | Lair:3   | HP: 21/106 [elephant (21)]
 15683 | Lair:3   | Reached skill level 3 in Air Magic
 15894 | Lair:4   | Reached skill level 1 in Ice Magic
 16602 | Lair:3   | Noticed an ice dragon
 16696 | Lair:4   | Learned a level 4 spell: Ice Form
 16911 | D:12     | Noticed a six-headed hydra
 16921 | D:12     | Killed a six-headed hydra
 17037 | D:12     | Reached skill level 1 in Spellcasting
 17176 | D:12     | Noticed a two-headed ogre
 17191 | D:12     | Killed a two-headed ogre
 17229 | D:12     | Found a staircase to the Orcish Mines.
 17279 | D:12     | Reached skill level 2 in Ice Magic
 17431 | D:12     | Noticed a five-headed hydra
 17442 | D:12     | Killed a five-headed hydra
 17443 | D:12     | Reached XP level 13. HP: 104/113 MP: 13/18
 17887 | D:13     | Demolished by a very large slime creature

Vanquished Creatures
  Gastronok (Lair:1)
  5 hydras
  3 death yaks
  3 two-headed ogres
  Amaemon (Lair:3)
  3 elephants
  An orange demon (Lair:3)
  Joseph (D:9)
  2 gargoyles
  9 cane toads
  Maggie (D:9)
  A torpor snail (Lair:2)
  A rime drake (Lair:3)
  3 komodo dragons
  2 kobold demonologists (D:11)
  A polar bear (Lair:3)
  3 trolls
  Prince Ribbit (D:7)
  2 hornets
  11 blink frogs
  Sigmund (D:4)
  A shadow (D:9)
  A vampire (D:10)
  36 yaks
  Grum (D:9)
  2 wyverns
  2 vampire mosquitoes
  A steam dragon (D:7)
  2 basilisks (Lair:2)
  An acid dragon (D:8)
  2 nagas (Lair:4)
  8 water moccasins
  4 orc warriors
  A black bear (D:5)
  2 sky beasts (D:7)
  An ice beast (D:7)
  2 ogres
  8 wolves
  11 centaurs
  A phantom (D:5)
  4 kobold brigands
  9 bullfrogs
  A gnoll sergeant (D:10)
  4 necrophages
  A scorpion (D:6)
  17 wights
  5 killer bees
  3 howler monkeys (D:9)
  3 hounds
  A gnoll shaman (D:7)
  2 orc priests
  Natasha (thrice) (D:2)
  2 iguanas
  8 orc wizards
  Terence (D:2)
  9 gnolls
  3 adders
  A shadow imp (D:7)
  2 white imps
  2 ufetubi
  A worm (D:3)
  29 orcs
  3 ball pythons
  4 endoplasms
  4 giant cockroaches
  4 goblins
  6 hobgoblins
  9 jackals
  15 kobolds
  3 quokkas
  9 bats
  2 frilled lizards
  5 rats
318 creatures vanquished.

Vanquished Creatures (others)
  A yak (D:7)
  A vampire (D:10)
  A jelly (D:5)
  A bush (Lair:4)
  7 fungi
  49 plants
60 creatures vanquished.

Grand Total: 378 creatures vanquished

Table legend:
 A = Non-vault XP
 B = Vault XP
 C = Vault XP percentage of total XP
 D = Non-vault monster count
 E = Vault monster count
 F = Vault count percentage of total count
                 A         B        C        D         E       F
            +---------+---------+-------+---------+---------+-------
      Total |   35027 |   10811 |  23.6 |     281 |      40 |  12.5
            +---------+---------+-------+---------+---------+-------
        D:1 |      25 |       0 |   0.0 |      15 |       0 |   0.0
        D:2 |     136 |      67 |  33.0 |      26 |       2 |   7.1
        D:3 |      15 |       0 |   0.0 |       7 |       0 |   0.0
        D:4 |     277 |     223 |  44.6 |      15 |       1 |   6.2
        D:5 |     482 |       0 |   0.0 |       8 |       0 |   0.0
        D:6 |     665 |       0 |   0.0 |      17 |       0 |   0.0
        D:7 |    1624 |    2775 |  63.1 |      23 |      17 |  42.5
        D:8 |     733 |       0 |   0.0 |      20 |       0 |   0.0
        D:9 |    3829 |    1404 |  26.8 |      35 |       6 |  14.6
       D:10 |    1819 |       0 |   0.0 |      20 |       0 |   0.0
       D:11 |    4041 |     355 |   8.1 |      14 |       1 |   6.7
       D:12 |    4540 |       0 |   0.0 |      17 |       0 |   0.0
     Lair:1 |    2324 |    1440 |  38.3 |       6 |       1 |  14.3
     Lair:2 |    5039 |     539 |   9.7 |      24 |       4 |  14.3
     Lair:3 |    5938 |    2063 |  25.8 |      19 |       4 |  17.4
     Lair:4 |    3540 |    1945 |  35.5 |      15 |       4 |  21.1
            +---------+---------+-------+---------+---------+-------

Illustrated notes

Table legend:
 A = Kills in this place as a percentage of kills in entire the game.
 B = Kills by you in this place as a percentage of kills by you in the entire game.
 C = Kills by friends in this place as a percentage of kills by friends in the entire game.
 D = Other kills in this place as a percentage of other kills in the entire game.
 E = Experience gained in this place as a percentage of experience gained in the entire game.
 F = Experience gained in this place divided by the number of levels of this place that you have seen.
                   A       B       C       D       E      F
               +-------+-------+-------+-------+-------+----------------------
         Total | 100.0 | 100.0 |   N/A | 100.0 | 100.0 | 2696.4
       Dungeon |  76.0 |  75.8 |   N/A | 100.0 |  50.2 | 1770.0
          Lair |  24.0 |  24.2 |   N/A |   0.0 |  49.8 | 5707.0
               +-------+-------+-------+-------+-------+----------------------

Table legend: (Time is in decaauts)
 A = Elapsed time spent in this place.
 B = Non-inter-level travel time spent in this place.
 C = Inter-level travel time spent in this place.
 D = Time resting spent in this place.
 E = Time spent auto-exploring this place.
 F = Levels seen in this place.
 G = Mean time per level.
                   A        B        C        D        E       F      G
               +--------+--------+--------+--------+--------+-----+--------+
         Total |  17742 |  17233 |    509 |   3426 |  11058 |  17 | 1043.6 |
       Dungeon |  13744 |  13393 |    351 |   2812 |   8549 |  13 | 1057.2 |
          Lair |   3998 |   3840 |    158 |    614 |   2509 |   4 |  999.5 |
               +--------+--------+--------+--------+--------+-----+--------+

Top non-repeatable levels by time:
     D:9: 1829 daAuts
     D:6: 1609 daAuts
     D:7: 1458 daAuts
     D:2: 1400 daAuts
     D:4: 1244 daAuts
  Lair:3: 1172 daAuts
    D:11: 1161 daAuts
     D:8: 1059 daAuts
  Lair:1: 1036 daAuts
  Lair:2: 989 daAuts
    D:12: 912 daAuts
     D:5: 890 daAuts
  Lair:4: 800 daAuts
     D:1: 761 daAuts
    D:10: 737 daAuts
